 Dungeon Crawl Stone Soup version 0.28.0-53-g5a82cb258f (webtiles) character file.

Game seed: 18056333434102681438

370 Peloso the Slasher (level 6, -7/53 HPs)
             Began as a Minotaur Fighter on May 30, 2022.
             Mangled by an ogre
             ... wielding a +0 giant club
              (29 damage)
             ... on level 5 of the Dungeon.
             The game lasted 00:05:26 (4383 turns).

Peloso the Slasher (Minotaur Fighter)               Turns: 4383, Time: 00:05:26

Health: -7/53      AC:  7    Str: 20    XL:     6   Next: 42%
Magic:  5/5        EV:  9    Int:  5    God:
Gold:   158        SH:  5    Dex: 12    Spells: 5/5 levels left

rFire   . . .      SeeInvis .   a - +0 long sword
rCold   . . .      Faith    .   c - +0 buckler
rNeg    . . .      Spirit   .   b - +0 scale mail
rPois   .          Reflect  .   (helmet restricted)
rElec   .          Harm     .   (no cloak)
rCorr   .          Rampage  .   (no gloves)
Will    .....                   (no boots)
Stlth   ..........              (no amulet)
HPRegen 0.17/turn               (no ring)
MPRegen 0.09/turn               (no ring)

@: no status effects
A: horns 2, retaliatory headbutt
a: no special abilities


You were on level 5 of the Dungeon.
You visited 1 branch of the dungeon, and saw 5 of its levels.

You collected 158 gold pieces.

Inventory:

Hand Weapons
 a - a +0 long sword (weapon)
Armour
 b - a +0 scale mail (worn)
 c - a +0 buckler (worn)
Jewellery
 e - a ring of magical power
 g - a ring of willpower
 n - a +4 ring of slaying
 r - a ring of wizardry
 v - the amulet of Satyriasis {Spirit rCorr Str-3 Dex+4 Stlth+}
   (You found it on level 5 of the Dungeon)

   [amulet of guardian spirit]

   It causes incoming damage to be divided between your reserves of health and
   magic.
   Str:       It affects your strength (-3).
   Dex:       It affects your dexterity (+4).
   rCorr:     It protects you from acid and corrosion.
   Stlth:     It makes you more stealthy.
Wands
 h - a wand of mindburst (11)
Scrolls
 f - 3 scrolls of identify
 j - a scroll of blinking {unknown}
 l - a scroll of silence {unknown}
 m - 5 scrolls of teleportation {unknown}
 p - a scroll of fear {unknown}
 t - a scroll of immolation {unknown}
 w - a scroll of noise {unknown}
 x - a scroll of amnesia {unknown}
Potions
 d - a potion of might
 i - 3 potions of heal wounds
 k - 3 potions of curing
 o - a potion of ambrosia {unknown}
 q - a potion of attraction {unknown}
 s - 2 potions of flight {unknown}
 u - a potion of lignification {unknown}


   Skills:
 + Level 4.5 Fighting
 + Level 5.6 Long Blades
 + Level 5.4 Armour
 + Level 1.5 Dodging
 + Level 0.9 Stealth
 + Level 4.3 Shields


You had 5 spell levels left.
You didn't know any spells.
Your spell library contained the following spells:

 Spells                   Type           Power      Damage    Failure   Level
 Sandblast                Erth           0%         2d4       88%         1
 Ensorcelled Hibernation  Hex/Ice        0%         N/A       96%         2
 Passwall                 Tmut/Erth      0%         N/A       96%         2
 Spider Form              Tmut/Pois      0%         N/A       99%         3
 Stone Arrow              Conj/Erth      0%         3d7       99%         3
 Anguish                  Hex/Necr       0%         N/A       100%        4


Dungeon Overview and Level Annotations

Branches:
Dungeon (5/15)
 Temple: D:4-7

Altars:
Ashenzari
Ru
Vehumet


Innate Abilities, Weirdness & Mutations

You have a pair of horns on your head.
You reflexively headbutt those who attack you in melee.


Message History

The bullfrog zombie is heavily damaged.
The bullfrog zombie hits you but does no damage.
You barely miss the bullfrog zombie.
The bullfrog zombie is heavily damaged.
You block the bullfrog zombie's attack. x2
You barely miss the bullfrog zombie.
The bullfrog zombie is heavily damaged.
The bullfrog zombie barely misses you.
You hit the bullfrog zombie.
The bullfrog zombie is severely damaged.
The bullfrog zombie hits you. x2
You hit the bullfrog zombie.
The bullfrog zombie is severely damaged.
The bullfrog zombie hits you but does no damage.
You hit the bullfrog zombie. You headbutt the bullfrog zombie.
The bullfrog zombie is almost destroyed.
The bullfrog zombie hits you. The bullfrog zombie barely misses you.
You slash the bullfrog zombie!
You destroy the bullfrog zombie!
v - the amulet of Satyriasis {Spirit rCorr Str-3 Dex+4 Stlth+} HP restored.
w - a scroll labelled XANGUP MUWUL
x - a scroll labelled AKHLOP WUAQIST You now have 158 gold pieces (gained 12).
An ogre comes into view. It is wielding a +0 giant club.
The ogre shouts!
You barely miss the ogre. The ogre hits you with a +0 giant club!
You barely miss the ogre. Your headbutt misses the ogre.
The ogre hits you with a +0 giant club!!
You closely miss the ogre. The ogre barely misses you.
You hit the ogre.
The ogre is lightly wounded.
You block the ogre's attack.
You barely miss the ogre. You headbutt the ogre.
The ogre is moderately wounded.
You slash the ogre!
The ogre is severely wounded.
The ogre hits you with a +0 giant club!!
Ouch! That really hurt!
You die...

.......###.#≈#
#.........#.#≈#
#.........###≈#
#..............
#........###...
##########........####..
?........+........+.....
#.....##........######
###....@##........# #
......O.....##+#### #
####..#.....# #
##.#.....# # # #.....# #
#.....# .......+
#.......# #.......#


You could see an ogre.

Vanquished Creatures
  An ogre (D:4)
  A scorpion (D:4)
  A bullfrog zombie (D:5)
  A bullfrog skeleton (D:5)
  An orc wizard (D:4)
  An iguana (D:4)
  A hound skeleton (D:4)
  3 adders
  2 dart slugs
  4 orcs
  8 endoplasms
  4 giant cockroaches
  7 goblins
  3 hobgoblins
  5 jackals
  10 kobolds
  3 quokkas
  7 ball pythons
  7 bats
  2 frilled lizards
  9 rats
81 creatures vanquished.

Vanquished Creatures (others)
  A plant (D:3)
1 creature vanquished.

Grand Total: 82 creatures vanquished

Notes
Turn   | Place    | Note
-------+----------+-------------------------------------------
     0 | D:1      | Peloso the Minotaur Fighter began the quest for the Orb.
     0 | D:1      | Reached XP level 1. HP: 19/19 MP: 0/0
   276 | D:1      | Reached XP level 2. HP: 27/27 MP: 1/1
   928 | D:2      | Found a faded altar of an unknown god.
  1069 | D:2      | Reached XP level 3. HP: 33/33 MP: 2/2
  1852 | D:3      | Found a broken altar of Ashenzari.
  1885 | D:3      | Reached XP level 4. HP: 32/40 MP: 3/3
  2075 | D:3      | Reached skill level 1 in Dodging
  2387 | D:3      | Found a radiant altar of Vehumet.
  2489 | D:3      | Found a sacrificial altar of Ru.
  2988 | D:4      | Noticed an ogre
  2994 | D:4      | Killed an ogre
  2995 | D:4      | Reached XP level 5. HP: 14/46 MP: 4/4
  3391 | D:4      | Reached skill level 5 in Long Blades
  3704 | D:4      | Reached skill level 5 in Armour
  3704 | D:4      | Reached XP level 6. HP: 31/53 MP: 5/5
  4161 | D:5      | Entered Level 5 of the Dungeon
  4192 | D:5      | Identified the amulet of Satyriasis {Spirit rCorr Str-3
                  | Dex+4 Stlth+}
  4383 | D:5      | Mangled by an ogre

Illustrated notes

Levels and vault maps discovered:
D:1:      dpeg_arrival_oval, layout_basic
D:2:      minmay_wonky_spiral, layout_loops_ring, basic_ecumenical_altar
D:3:      layout_loops_ring, nicolae_ru_the_path_less_chosen,
          mainiacjoe_overflow_catwalk, lemuel_crystal_altar,
          serial_bayou_crossing
D:4:      layout_gridville, minmay_unequal
D:5:      layout_basic, grunt_decor_cap

Skill      XL: |  1  2  3  4  5 |
---------------+----------------+-----
Armour         | 4 5 |  5.4
Long Blades    | 3 4 5 |  5.6
Fighting       | 4 |  4.5
Shields        | 4 |  4.3
Dodging        | 1 |  1.5
Stealth        | |  0.9

Action                   |  1- 3 |  4- 6 || total
-------------------------+-------+-------++-------
Melee: Long sword        |    94 |   110 ||   204
       Headbutt          |    17 |    14 ||    31
  Use: Scroll            |     3 |       ||     3
Armor: Scale mail        |    56 |    44 ||   100
Dodge: Dodged            |    44 |    45 ||    89
Block: Buckler           |    19 |    22 ||    41
